cohdb
Replays
Latest Replays
All Replays
Popular Replays
Top Player Replays
Match Explorer
How It Works
Community
CoH3 Stats
Reddit
Sign in to upload your games and track your stats! →
Sign in with Steam
Match 42005038
Unlisted
Match 42005038
Overview
Messages
Build Orders
End
Panzergrenadier Squad
Selects Panzerjäger Kommand Battlegroup
Selects Blockade Equipment
Panzergrenadier Squad
250 Light Carrier
Construct Light Support Kompanie
Combat Half-tracks
2.5-tonne Medical Truck
Panzerjäger Squad
Selects Tank Busters
Assault Mechanized Group
Construct Mechanized Kompanie
Selects Defensive Positions
Marder III Tank Destroyer
Selects Butterfly Bomb Drop
Butterfly Bomb Drop
Panzergrenadier Squad
Veteran Squad Leaders
Butterfly Bomb Drop
Construct Panzerarmee Kommand
254 Reconnaissance Tractor
Selects Crew Shock Tactics
Assault Mechanized Group
Armored Reserves
Butterfly Bomb Drop
Panzer IV Assault Group
Selects Elefant Tank Destroyer
Panzergrenadier Squad
Crew Shock Tactics
Dullahan
TURBO SLOTH
0
0
Comments
sign in to comment!
No comments posted yet!